 Dungeon Crawl Stone Soup version 0.29-a0-187-ga23d9638d5 (webtiles) character file.

Game seed: 16458053507619073622

1377 cyrus the Poker (level 8, -14/42 HPs)
             Began as a Vine Stalker Fighter on Feb 21, 2022.
             Was a Priest of Fedhas.
             Hit by a large rock thrown by a cyclops (21 damage)
             ... on level 6 of the Dungeon.
             The game lasted 00:11:07 (6731 turns).

cyrus the Poker (Vine Stalker Fighter)              Turns: 6731, Time: 00:11:08

Health: -14/42     AC: 15    Str: 19    XL:     8   Next: 66%
Magic:  0/9        EV:  6    Int: 10    God:    Fedhas [***...]
Gold:   417        SH:  0    Dex: 14    Spells: 7/7 levels left

rFire   . . .      SeeInvis .   d - +0 scythe
rCold   . . .      Faith    .   (shield currently unavailable)
rNeg    . . .      Spirit   +   g - +0 plate armour
rPois   .          Reflect  .   i - +2 helmet
rElec   .          Harm     .   (no cloak)
rCorr   .          Rampage  .   (no gloves)
Will    +....                   (no boots)
Stlth   ..........              (no amulet)
HPRegen 0.94/turn               (no ring)
MPRegen 0.11/turn               (no ring)

@: no status effects
A: fangs 3, regeneration 1, magic shield, antimagic bite, no potion heal 2
a: Renounce Religion, Wall of Briars, Grow Ballistomycete


You were on level 6 of the Dungeon.
You worshipped Fedhas.
Fedhas was most pleased with you.
You visited 1 branch of the dungeon, and saw 6 of its levels.

You collected 417 gold pieces.

Inventory:

Hand Weapons
 a - a +0 war axe
 d - a +0 scythe (weapon)
Armour
 b - a +0 scale mail
 c - a +0 buckler
 g - a +0 plate armour (worn)
 h - a +2 robe of willpower
 i - a +2 helmet (worn)
Jewellery
 k - a ring of see invisible
 p - a +6 ring of intelligence
 x - an amulet of the acrobat
Wands
 l - a wand of iceblast (5)
Scrolls
 e - a scroll of enchant weapon {unknown}
 f - 2 scrolls of identify {unknown}
 n - a scroll of immolation {unknown}
 o - a scroll of holy word {unknown}
 q - a scroll of teleportation
 t - a scroll of amnesia {unknown}
 v - a scroll of magic mapping {unknown}
 w - a scroll of fog {unknown}
Potions
 j - a potion of berserk rage {unknown}
 m - 2 potions of degeneration {unknown}
 r - 2 potions of resistance {unknown}
 s - a potion of mutation {unknown}
 u - a potion of curing {unknown}


   Skills:
 + Level 4.3 Fighting
 + Level 3.8(5.2) Axes
 + Level 5.4(6.0) Polearms
 + Level 5.1 Armour
 + Level 1.3 Dodging
 + Level 0.4 Stealth
 + Level 3.4 Shields


You had 7 spell levels left.
You didn't know any spells.
Your spell library contained the following spells:

 Spells                   Type           Power      Damage    Failure   Level
 Shock                    Conj/Air       0%         1d3       100%        1
 Ensorcelled Hibernation  Hex/Ice        0%         N/A       100%        2
 Passwall                 Tmut/Erth      0%         N/A       100%        2
 Call Canine Familiar     Summ           0%         N/A       100%        3
 Portal Projectile        Hex/Tloc       0%         N/A       100%        3
 Swiftness                Air            0%         N/A       100%        3
 Airstrike                Air            0%         N/A       100%        4
 Leda's Liquefaction      Hex/Erth       0%         N/A       100%        4
 Petrify                  Tmut/Erth      0%         N/A       100%        4
 Metabolic Englaciation   Hex/Ice        0%         N/A       100%        5
 Statue Form              Tmut/Erth      0%         N/A       100%        6


Dungeon Overview and Level Annotations

Branches:
Dungeon (6/15)             Temple (0/1) D:6

Altars:
Ashenzari
Fedhas
Hepliaklqana
Kikubaaqudgha
Makhleb
Nemelex Xobeh

Shops:
D:2 *   D:4 !


Innate Abilities, Weirdness & Mutations

You have razor-sharp teeth.
Your natural rate of healing is unusually fast.
When hurt, damage is shared between your health and your magic reserves.
Your bite disrupts and absorbs the magic of your enemies.
Potions cannot restore your health.


Message History

There is a stone staircase leading up here.
You see here a scorpion corpse.
You start waiting.
Done waiting.
You start waiting.
Done waiting.
r - 2 black potions (gained 1)
A cyclops comes into view.
Found a staircase to the Ecumenical Temple.
The cyclops shouts!
A cyclops is nearby!
Aiming: Iceblast
Press: ? - help, Q - select action, (/) - cycle Shift-Dir - straight line, f - cyclops
Aim: a cyclops, quivering large rocks The mass of ice explodes!
The iceblast engulfs the cyclops!
The cyclops is moderately wounded.
Unknown command.
Aiming: Iceblast
Press: ? - help, Q - select action, (/) - cycle Shift-Dir - straight line, f/p - cyclops
Aim: a cyclops, quivering large rocks (moderately wounded)
The mass of ice explodes!
The iceblast engulfs the cyclops!
The cyclops is moderately wounded.
An adder comes into view.
The cyclops throws a large rock.
The large rock barely misses you.
You slash the adder! You bite the adder.
You kill the adder!
Fedhas appreciates your contribution to the ecosystem.
The cyclops throws a large rock.
The large rock hits you!!
Ouch! That really hurt!
The cyclops throws a large rock.
The large rock completely misses you.
You see here an adder corpse.
The cyclops throws a large rock.
The large rock hits you!
* * * LOW HITPOINT WARNING * * *
The cyclops throws a large rock.
The large rock barely misses you.
The cyclops throws a large rock.
The large rock hits you.
* * * LOW HITPOINT WARNING * * *
The cyclops throws a large rock.
The large rock hits you!!
Ouch! That really hurt!
You die...
Fedhas appreciates your contribution to the ecosystem.

.. ..# #. .. ..# ##.#.#
...# ###. #....##### ...#
.....###..).....# #...# ##
...........####.####...##.#
.....##......#...........#
......#.#...............##
......#.#.....@..........#
........<.......##.#....#.
.....##.##......##.#....#
........##.<..####......#
.#####.......##
#.#....##### #.###C###
#.#........# #. #.#
#......###.# .##.##.###†#
##.####.# #.# ...........#
........###.###


You could see a cyclops.

Vanquished Creatures
  Sigmund (D:2)
  A sky beast (D:5)
  A necrophage (D:4)
  An ogre (D:5)
  2 centaurs
  4 scorpions
  A howler monkey (D:4)
  A bullfrog zombie (D:5)
  3 hounds
  An orc priest (D:5)
  Jessica (D:3)
  3 iguanas
  2 orc wizards
  11 adders
  A river rat (D:4)
  A shadow imp (D:5)
  An ufetubus (D:5)
  2 adder skeletons
  An adder zombie (D:3)
  A worm (D:2)
  2 dart slugs
  11 orcs
  5 endoplasms
  5 giant cockroaches
  9 goblins
  10 hobgoblins
  9 jackals
  4 quokkas
  2 ball pythons (D:1)
  A ball python skeleton (D:3)
  8 bats
  A frilled lizard (D:2)
  7 kobolds
  A quokka skeleton (D:3)
  3 rats
118 creatures vanquished.

Notes
Turn   | Place    | Note
-------+----------+-------------------------------------------
     0 | D:1      | cyrus the Vine Stalker Fighter began the quest for the Orb.
     0 | D:1      | Reached XP level 1. HP: 11/11 MP: 2/2
    71 | D:1      | Reached XP level 2. HP: 16/16 MP: 3/3
   589 | D:2      | You fall into a shaft and drop 1 floor!
   604 | D:2      | Reached XP level 3. HP: 19/20 MP: 4/4
   651 | D:2      | Found Quanic's Assorted Antiques.
  1100 | D:2      | Found a faded altar of an unknown god.
  1709 | D:2      | Prayed at the altar of an unknown god.
  1709 | D:2      | Became a worshipper of Fedhas Madash
  1709 | D:2      | Reached * piety under Fedhas
  1729 | D:2      | Noticed Sigmund
  1735 | D:2      | Gained mutation: Your natural rate of healing is unusually
                  | fast. [Vine Stalker growth]
  1735 | D:2      | Reached XP level 4. HP: 14/24 MP: 2/5
  1748 | D:2      | HP: 1/24 [something (9)]
  1767 | D:2      | Killed Sigmund
  1768 | D:2      | Reached XP level 5. HP: 21/28 MP: 1/6
  1993 | D:2      | Reached XP level 6. HP: 32/32 MP: 7/7
  2939 | D:3      | Noticed Jessica
  2947 | D:3      | Killed Jessica
  2948 | D:3      | Reached skill level 1 in Polearms
  3067 | D:3      | Reached ** piety under Fedhas
  3481 | D:4      | Found Qymnext's Distillery.
  3514 | D:4      | Reached XP level 7. HP: 27/36 MP: 6/8
  3893 | D:4      | Found a burning altar of Makhleb.
  4437 | D:5      | Entered Level 5 of the Dungeon
  4660 | D:5      | Gained mutation: You have razor-sharp teeth. [Vine Stalker
                  | growth]
  4660 | D:5      | Reached XP level 8. HP: 7/42 MP: 0/9
  5068 | D:5      | Reached *** piety under Fedhas
  5069 | D:5      | Reached skill level 1 in Dodging
  5227 | D:5      | Found a hazy altar of Hepliaklqana.
  5772 | D:5      | Found an ancient bone altar of Kikubaaqudgha.
  5779 | D:5      | Found a broken altar of Ashenzari.
  5791 | D:5      | Found a sparkling altar of Nemelex Xobeh.
  6047 | D:6      | Reached skill level 5 in Polearms
  6495 | D:6      | Reached skill level 5 in Armour
  6709 | D:6      | Found a staircase to the Ecumenical Temple.
  6709 | D:6      | Noticed a cyclops
  6731 | D:6      | Hit by a large rock thrown by a cyclops

Illustrated notes

Levels and vault maps discovered:
D:1:      dpeg_arrival_tiny_a, layout_basic, corexii_hall_statues_i,
          minmay_tromino_v4_c
D:2:      layout_basic, serial_shops, nicolae_shop_trees,
          hellmonk_ecumenical_altar_heavens_door, uniq_sigmund
D:3:      layout_loops_corners, serial_undead, serial_undead_e, serial_undead_a,
          serial_undead_e, serial_undead_b, uniq_jessica
D:4:      layout_loops_ring, makhleb_blood_cavern_becter, serial_shops,
          kennysheep_mini_moat, gup_sewer_entry_spiral
D:5:      layout_loops_corners, minmay_overflow_temple_star_quad,
          amcnicky_altar_gilded
D:6:      layout_loops_cross, minmay_temple_entry_glass, serial_shops, shop,
          nicolae_elevator_lobby_asterisk, uniq_blork_the_orc

Skill      XL: |  1  2  3  4  5  6  7  8 |
---------------+-------------------------+-----
Axes           | 2 3 |  3.8
Fighting       | 3 4 |  4.3
Shields        | 3 |  3.4
Armour         | 3 4 5 |  5.1
Polearms       | 2 4 5 |  5.4
Dodging        | 1 |  1.3
Stealth        | |  0.4

Action                   |  1- 3 |  4- 6 |  7- 9 || total
-------------------------+-------+-------+-------++-------
Melee: War axe           |    62 |    16 |       ||    78
       Bite              |    13 |    34 |    55 ||   102
       Scythe            |       |   134 |   208 ||   342
Invok: Wall of Briars    |       |       |     1 ||     1
Evoke: Wand              |       |     1 |     3 ||     4
  Use: Potion            |       |     1 |       ||     1
       Scroll            |       |       |     1 ||     1
Armor: Scale mail        |    23 |       |       ||    23
       Plate armour      |    49 |   193 |   260 ||   502
Dodge: Dodged            |    28 |    64 |   124 ||   216
Block: Buckler           |    15 |     2 |       ||    17

Table legend: (Time is in decaauts)
 A = Elapsed time spent in this place.
 B = Non-inter-level travel time spent in this place.
 C = Inter-level travel time spent in this place.
 D = Time resting spent in this place.
 E = Time spent auto-exploring this place.
 F = Levels seen in this place.
 G = Mean time per level.
                   A        B        C        D        E       F      G
               +--------+--------+--------+--------+--------+-----+--------+
         Total |   7082 |   6899 |    183 |   2260 |   3027 |   6 | 1180.3 |
       Dungeon |   7082 |   6899 |    183 |   2260 |   3027 |   6 | 1180.3 |
               +--------+--------+--------+--------+--------+-----+--------+

Top non-repeatable levels by time:
     D:2: 1953 daAuts
     D:5: 1635 daAuts
     D:4: 1119 daAuts
     D:3: 1039 daAuts
     D:6: 746 daAuts
     D:1: 587 daAuts
